 Dungeon Crawl Stone Soup version 0.30-a0-457-g4b7bca3bfa (webtiles) character file.

Game seed: 16529730589229152445

95 Bnni the Shield-Bearer (level 4, -1/37 HPs)
             Began as a Formicid Fighter on Dec 12, 2022.
             Slain by a worm (2 damage)
             ... on level 2 of the Dungeon.
             The game lasted 00:02:11 (847 turns).

Bnni the Shield-Bearer (Formicid Fighter)            Turns: 847, Time: 00:02:12

Health: -1/37      AC:  6    Str: 22    XL:     4   Next: 95%
Magic:  4/4        EV:  9    Int:  8    God:
Gold:   85         SH: 10    Dex: 13    Spells: 3/3 levels left

rFire   . . .      SeeInvis +    a - +0 war axe
rCold   . . .      Faith    .    c - +0 buckler
rNeg    . . .      Spirit   .    b - +0 scale mail
rPois   .          Reflect  +    (helmet unavailable)
rElec   .          Harm     .    (no cloak)
rCorr   .          Rampage  .    (no gloves)
Will    .....                    (no boots)
Stlth   ..........               l - amulet of reflection
HPRegen 0.26/turn                (no ring)
MPRegen 0.09/turn                (no ring)

@: mighty, lethally poisoned (-1 -> -6)
A: permanent stasis, dig shafts and tunnels, antennae 3, four strong arms
a: Dig, Shaft Self


You were on level 2 of the Dungeon.
You visited 1 branch of the dungeon, and saw 2 of its levels.

You collected 85 gold pieces.

Inventory:

Hand Weapons
 a - a +0 war axe (weapon)
Armour
 b - a +0 scale mail (worn)
 c - a +0 buckler (worn)
Jewellery
 l - an amulet of reflection (around neck)
Scrolls
 e - a scroll of blinking {unknown}
 f - a scroll of teleportation {unknown}
 g - a scroll of immolation {unknown}
 h - a scroll of enchant weapon {unknown}
 i - a scroll of identify {unknown}
 j - a scroll of summoning {unknown}
 k - a scroll of vulnerability {unknown}


   Skills:
 + Level 3.9 Fighting
 * Level 3.6 Axes
 - Level 3.2 Armour
 - Level 5.0 Shields


You had 3 spell levels left.
You didn't know any spells.
Your spell library was empty.

Dungeon Overview and Level Annotations

Branches:
Dungeon (2/15)

Altars:


Innate Abilities, Weirdness & Mutations

You cannot be hasted, slowed, berserked, paralysed or teleported.
You can dig through walls and to a lower floor.
You have a pair of large antennae on your head. (SInv)
Your four strong arms can wield two-handed weapons with a shield.


Message History

You closely miss the gnoll.
The gnoll is almost dead.
You slash the goblin!
You kill the goblin!
You block the gnoll's attack. The gnoll hits you but does no damage.
You barely miss the gnoll.
The gnoll is almost dead.
You block the gnoll's attack. x2
You hit the gnoll but do no damage.
The gnoll is almost dead.
The gnoll barely misses you.
The gnoll hits you but does no damage. x2
The gnoll barely misses you.
You closely miss the gnoll.
The gnoll is almost dead.
The gnoll shouts!
You block the gnoll's attack. The gnoll hits you with a +0 spear.
Unknown command.
You hit the gnoll.
You kill the gnoll!
The gnoll misses you.
You see here a +0 spear.
The gnoll hits you with a +0 halberd of venom.
You are poisoned.
The gnoll hits you with a +1 whip of electrocution!
* * * LOW HITPOINT WARNING * * *
The worm bites you.
* * * LOW HITPOINT WARNING * * *
You are too injured to fight recklessly!
Unknown command.
You are too injured to fight recklessly!
You feel very mighty all of a sudden.
* * * LOW HITPOINT WARNING * * *
You feel very sick. You block the gnoll's attack. x2
You slice the gnoll!!
You kill the gnoll!
You hit the worm. You hit the gnoll.
* * * LOW HITPOINT WARNING * * *
You feel sick. You block the gnoll's attack. The worm bites you.
You die...

########...♣♣~~P...~~~~
.......†...♣♣P~....~~P~~
########...#♣~~...~~~≈≈≈
# #......♣♣†~...~P~≈~ #
#.......~~~...P≈≈PP #
#.......#~...P~~~~ .
###...####...~~~~~ #
#.......g).♣~~P♣
##.######@#♣ P~♣
#......gw# ~ #.#####..#
#. #..) #..# #..# #..#
....


You could see a worm and 2 gnolls.

Vanquished Creatures
  An orc priest (D:2)
  2 gnolls (D:2)
  A dart slug (D:1)
  5 orcs (D:2)
  5 endoplasms
  2 giant cockroaches
  5 goblins
  3 hobgoblins (D:1)
  2 jackals (D:1)
  A ball python (D:1)
  5 bats
  2 frilled lizards (D:1)
  8 kobolds
  5 rats
47 creatures vanquished.

Vanquished Creatures (others)
  A plant (D:2)
1 creature vanquished.

Grand Total: 48 creatures vanquished

Notes
Turn   | Place    | Note
-------+----------+-------------------------------------------
     0 | D:1      | Bnni the Formicid Fighter began the quest for the Orb.
     0 | D:1      | Reached XP level 1. HP: 18/18 MP: 1/1
   133 | D:1      | Reached XP level 2. HP: 24/24 MP: 2/2
   304 | D:1      | Reached XP level 3. HP: 29/29 MP: 3/3
   736 | D:2      | Reached skill level 5 in Shields
   736 | D:2      | Reached XP level 4. HP: 31/37 MP: 4/4
   847 | D:2      | HP: 1/37 [poisoned by a gnoll]
   847 | D:2      | Slain by a worm

Illustrated notes

Levels and vault maps discovered:
D:1:      psy_arrival_heroes, layout_loops_ring, minmay_split_cup_large
D:2:      cheibrodos_pilgrimage, layout_loops_corners, serial_bayou,
          serial_bayou_pond_d, serial_bayou_shore_b, serial_bayou_ford_a,
          serial_bayou_shore_a, cheibrodos_gnoll_hut

Skill      XL: |  1  2  3 |
---------------+----------+-----
Axes           | 3 |  3.6
Shields        | 5 |  5.0
Fighting       | |  3.9
Armour         | |  3.2

Action                   |  1- 3 |  4- 6 || total
-------------------------+-------+-------++-------
Melee: War axe           |    64 |    15 ||    79
  Use: Potion            |       |     1 ||     1
Armor: Scale mail        |    32 |     5 ||    37
Dodge: Dodged            |    38 |    10 ||    48
Block: Buckler           |    20 |    13 ||    33

Table legend: (Time is in decaauts)
 A = Elapsed time spent in this place.
 B = Non-inter-level travel time spent in this place.
 C = Inter-level travel time spent in this place.
 D = Time resting spent in this place.
 E = Time spent auto-exploring this place.
 F = Levels seen in this place.
 G = Mean time per level.
                   A        B        C        D        E       F      G
               +--------+--------+--------+--------+--------+-----+--------+
         Total |    879 |    850 |     29 |      0 |    612 |   2 |  439.5 |
       Dungeon |    879 |    850 |     29 |      0 |    612 |   2 |  439.5 |
               +--------+--------+--------+--------+--------+-----+--------+

Top non-repeatable levels by time:
     D:1: 715 daAuts
     D:2: 163 daAuts
